 Dungeon Crawl Stone Soup version 0.27-a0-887-gcab673c142 (webtiles) character file.

Game seed: 9369822147749845592

37 slowdiver the Magician (level 3, 0/27 HPs)
             Began as a Djinni Fire Elementalist on Apr 4, 2021.
             Slain by a jackal (1 damage)
             ... on level 2 of the Dungeon.
             The game lasted 00:05:10 (1506 turns).

slowdiver the Magician (Djinni Fire Elementalist)   Turns: 1506, Time: 00:05:11

Health: 0/27       AC:  2    Str:  7    XL:     3   Next: 39%
Gold:   42         EV: 12    Int: 17    God:
                   SH:  0    Dex: 13

rFire    + + .     SeeInvis .   c - +1 dagger {short}
rCold    x . .     Faith    .   (no shield)
rNeg     . . .     Spirit   .   a - +0 robe
rPois    ∞         Reflect  .   (no helmet)
rElec    .         Harm     .   (no cloak)
rCorr    .         Rampage  .   (no gloves)
Will     .....                  (boots unavailable)
Stlth    ++........             (no amulet)
HPRegen  0.09/turn              (no ring)
MPRegen  0.00/turn              (no ring)

@: flying
A: fire resistance 2, cold vulnerability 1, float, innate caster, hp casting,
extra vitality 1
a: no special abilities


You were on level 2 of the Dungeon.
You visited 1 branch of the dungeon, and saw 2 of its levels.

You collected 42 gold pieces.


Innate Abilities, Weirdness & Mutations

You are immune to poison.
Your flesh is very heat resistant. (rF++)
You are vulnerable to cold. (rC-)
You float through the air rather than walking.
You learn spells naturally, not from books.
Your magical power is your life essence.
You have superior vitality. (+4 HP)


   Skills:
 + Level 1.4 Fighting
 - Level 2.1 Dodging
 - Level 1.5 Stealth
 * Level 3.4 Spellcasting


You couldn't memorise any spells.
You knew the following spells:

 Your Spells              Type           Power      Damage    Failure   Level
a - Foxfire               Conj/Fire      56%        2x1d6     4%          1
b - Conjure Flame         Conj/Fire      14%        6-21      12%         3
c - Inner Flame           Hex/Fire       14%        N/A       12%         3
d - Sticky Flame          Conj/Fire      14%        2d4       36%         4
e - Fireball              Conj/Fire      7%         3d5       73%         5
f - Animate Skeleton      Necr           28%        N/A       4%          1
Your spell library was empty.

Inventory:

Hand Weapons
 c - a +1 dagger (weapon) {short}
   (You took it off a kobold on level 1 of the Dungeon)
Missiles
 d - 8 stones (quivered) {throwing}
Armour
 a - a +0 robe (worn)
Scrolls
 f - a scroll of immolation {!r!r}

Dungeon Overview and Level Annotations

Branches:
Dungeon (2/15)

Altars:

*,,,,,,,,+,,,,,,,,,
*,,,,,,,,******,,**
********** **,,* #####
*,,* #...# *##*****,*
#...#########..,,,,,,,
#...........#.#******,
#....######.#.# *,
##...@#####.#.######*,
#..hh......#.......,,
#...######......##**,
#...'h...........# **
#...######.......# *
#######...## #.......#
* #..........#
#†......####
#..........#
#.......#...
#..........#
#......)'†..


You could see 2 jackals.


Message History

You conjure some foxfire!
A jackal comes into view. 😕 HP[-1]
You take 1 damage, and now have 26/27 hp.
The foxfire hits the jackal. x2
You kill the jackal!
There are no items here.
A jackal comes into view.
There is an open door here. 😎 HP[+1]
Your hp is fully restored (27).
Casting: Foxfire (safe; 4% risk of failure)
Confirm with . or Enter, or press ? or * to list all spells.
You conjure some foxfire! 😕 HP[-1]
You take 1 damage, and now have 26/27 hp.
The foxfire hits the jackal but does no damage. x2
Casting: Foxfire (safe; 4% risk of failure)
Confirm with . or Enter, or press ? or * to list all spells.
You conjure some foxfire!
The jackal bites you. The jackal misses you. 😕 HP[-3]
You take 3 damage, and now have 23/27 hp.
The foxfire hits the jackal.
The foxfire hits the jackal but does no damage.
The jackal misses you.
Casting: Foxfire (safe; 4% risk of failure)
Confirm with . or Enter, or press ? or * to list all spells.
You conjure some foxfire!
The jackal bites you. The jackal barely misses you.
The jackal bites you. x2 😮 HP[-9]
You take 9 damage, and now have 14/27 hp.
MASSIVE DAMAGE!! (PAUSE)
The foxfire hits the rat.
You kill the rat!
The foxfire hits the jackal.
You kill the jackal!
The jackal barely misses you.
Casting: Foxfire (safe; 4% risk of failure)
Confirm with . or Enter, or press ? or * to list all spells.
You conjure some foxfire!
* * * LOW HITPOINT WARNING * * *
The jackal barely misses you. The jackal bites you.
* * * LOW HITPOINT WARNING * * *
😨 HP[-4]
You take 4 damage, and now have 10/27 hp.
The foxfire hits the jackal.
The jackal barely misses you. The jackal misses you.
Casting: Foxfire (safe; 4% risk of failure)
Confirm with . or Enter, or press ? or * to list all spells.
You conjure some foxfire!
* * * LOW HITPOINT WARNING * * *
The jackal barely misses you.
The jackal bites you but does no damage.
The jackal barely misses you.
The foxfire hits the jackal but does no damage.
The jackal closely misses you. The jackal barely misses you.
The jackal closely misses you. x2
The jackal bites you.
* * * LOW HITPOINT WARNING * * *
The jackal misses you. 😨 HP[-2]
You take 2 damage, and now have 8/27 hp.
You barely miss the jackal. The jackal barely misses you.
The jackal bites you but does no damage.
The jackal closely misses you. The jackal barely misses you. x2
The jackal closely misses you.
The jackal bites you but does no damage.
The jackal barely misses you.
The jackal bites you but does no damage.
There is an open door here.
Things that are here:
a +0 dagger {short}; a goblin corpse 😨 HP[+1]
The jackal bites you.
* * * LOW HITPOINT WARNING * * *
😨 HP[-2]
You take 2 damage, and now have 7/27 hp.
The jackal closely misses you. The jackal completely misses you.
The jackal bites you.
* * * LOW HITPOINT WARNING * * *
😱 HP[-1]
You take 1 damage, and now have 6/27 hp.
The jackal bites you but does no damage.
The jackal barely misses you. The jackal bites you.
* * * LOW HITPOINT WARNING * * *
😱 HP[-3]
You take 3 damage, and now have 3/27 hp.
There is an open door here. 😱 HP[+1]
The jackal bites you.
* * * LOW HITPOINT WARNING * * *
There is a stone staircase leading up here.
Things that are here:
21 arrows; a +0 club {mace}; 😱 HP[-3]
You take 3 damage, and now have 1/27 hp.
The jackal bites you.
You die...

Skill      XL: |  1  2 |
---------------+-------+-----
Spellcasting   | 3 |  3.4
Fighting       | 1 |  1.4
Dodging        | |  2.1
Stealth        | |  1.5

Action                   || total
-------------------------++-------
Melee: Dagger            ||     3
Throw: Stone             ||     2
 Cast: Foxfire           ||    40
  Use: Scroll            ||     3
Armor: Robe              ||    15
Dodge: Dodged            ||    39

Levels and vault maps discovered:
D:1:      evilmike_arrival_plus, layout_basic,
          chequers_ecumenical_altar_simple_redux
D:2:      layout_basic, basic_altar, uniq_natasha

Notes
Turn   | Place    | Note
-------+----------+-------------------------------------------
     0 | D:1      | slowdiver the Djinni Fire Elementalist began the quest for
                  | the Orb.
     0 | D:1      | Reached XP level 1. HP: 15/15 MP: 0/0
     0 | D:1      | magus.rc [v1.9.6]
   135 | D:1      | Reached skill level 3 in Spellcasting
   135 | D:1      | Reached XP level 2. HP: 13/22 MP: 0/0
   649 | D:1      | Reached skill level 1 in Fighting
   649 | D:1      | Reached XP level 3. HP: 11/27 MP: 0/0
   649 | D:1      | Learned a level 1 spell: Animate Skeleton
  1072 | D:1      | Found a faded altar of an unknown god.
  1496 | D:2      | HP: 6/27 [jackal (1)]
  1501 | D:2      | HP: 3/27 [jackal (3)]
  1505 | D:2      | HP: 1/27 [jackal (3)]
  1506 | D:2      | Slain by a jackal

Vanquished Creatures
  A gnoll (D:1)
  A ball python (D:1)
  An endoplasm (D:1)
  4 goblins
  2 hobgoblins (D:1)
  4 jackals
  A quokka (D:1)
  4 bats
  2 frilled lizards
  3 kobolds (D:1)
  3 rats
26 creatures vanquished.

Vanquished Creatures (others)
  60 foxfires
60 creatures vanquished.

Grand Total: 86 creatures vanquished

Table legend:
 A = Non-vault XP
 B = Vault XP
 C = Vault XP percentage of total XP
 D = Non-vault monster count
 E = Vault monster count
 F = Vault count percentage of total count
                 A         B        C        D         E       F
            +---------+---------+-------+---------+---------+-------
      Total |      53 |       0 |   0.0 |      26 |       0 |   0.0
            +---------+---------+-------+---------+---------+-------
        D:1 |      44 |       0 |   0.0 |      19 |       0 |   0.0
        D:2 |       9 |       0 |   0.0 |       7 |       0 |   0.0
            +---------+---------+-------+---------+---------+-------

Illustrated notes

Table legend:
 A = Kills in this place as a percentage of kills in entire the game.
 B = Kills by you in this place as a percentage of kills by you in the entire game.
 C = Kills by friends in this place as a percentage of kills by friends in the entire game.
 D = Other kills in this place as a percentage of other kills in the entire game.
 E = Experience gained in this place as a percentage of experience gained in the entire game.
 F = Experience gained in this place divided by the number of levels of this place that you have seen.
                   A       B       C       D       E      F
               +-------+-------+-------+-------+-------+----------------------
         Total | 100.0 | 100.0 |   N/A |   N/A | 100.0 |  26.5
       Dungeon | 100.0 | 100.0 |   N/A |   N/A | 100.0 |  26.5
               +-------+-------+-------+-------+-------+----------------------

Table legend: (Time is in decaauts)
 A = Elapsed time spent in this place.
 B = Non-inter-level travel time spent in this place.
 C = Inter-level travel time spent in this place.
 D = Time resting spent in this place.
 E = Time spent auto-exploring this place.
 F = Levels seen in this place.
 G = Mean time per level.
                   A        B        C        D        E       F      G
               +--------+--------+--------+--------+--------+-----+--------+
         Total |   1505 |   1476 |     29 |    734 |    527 |   2 |  752.5 |
       Dungeon |   1505 |   1476 |     29 |    734 |    527 |   2 |  752.5 |
               +--------+--------+--------+--------+--------+-----+--------+

Top non-repeatable levels by time:
     D:1: 1359 daAuts
     D:2: 145 daAuts
